 Dungeon Crawl Stone Soup version 0.29-a0-841-g116ddc6ace (webtiles) character file.

Game seed: 16101556134172358134

21 mcwallace the Charlatan (level 2, 0/23 HPs)
             Began as a Gnoll Artificer on July 15, 2022.
             Slain by a kobold
             ... wielding a +0 short sword
              (5 damage)
             ... on level 1 of the Dungeon.
             The game lasted 00:02:37 (1256 turns).

mcwallace the Charlatan (Gnoll Artificer)           Turns: 1256, Time: 00:02:38

Health: 0/23       AC:  3    Str: 11    XL:     2   Next: 87%
Magic:  2/2        EV: 12    Int: 10    God:
Gold:   79         SH:  0    Dex: 12    Spells: 2/2 levels left

rFire   . . .      SeeInvis .   j - +0 mace {mace}
rCold   . . .      Faith    .   (no shield)
rNeg    . . .      Spirit   .   b - +0 leather armour
rPois   .          Reflect  .   (no helmet)
rElec   .          Harm     .   (no cloak)
rCorr   .          Rampage  .   (no gloves)
Will    .....                   (no boots)
Stlth   ++........              (no amulet)
HPRegen 0.07/turn               (no ring)
MPRegen 0.08/turn               (no ring)

@: no status effects
A: fangs 1, strong nose, distributed training
a: no special abilities


You were on level 1 of the Dungeon.
You visited 1 branch of the dungeon, and saw 1 of its levels.

You collected 79 gold pieces.


Innate Abilities, Weirdness & Mutations

You have very sharp teeth.
Your uncanny sense of smell can sniff out nearby items.
Your experience applies equally to all skills.


   Skills:
 + Level 2.5 Fighting
 + Level 0.5 Short Blades
 + Level 0.5 Long Blades
 + Level 0.5 Axes
 + Level 0.5 Maces & Flails
 + Level 0.5 Polearms
 + Level 0.5 Staves
 + Level 0.5 Ranged Weapons
 + Level 0.5 Throwing
 + Level 4.5 Armour
 + Level 2.5 Dodging
 + Level 2.3 Stealth
 + Level 0.5 Shields
 + Level 0.5 Unarmed Combat
 + Level 0.5 Spellcasting
 + Level 0.4 Conjurations
 + Level 0.4 Hexes
 + Level 0.4 Summonings
 + Level 0.4 Necromancy
 + Level 0.4 Translocations
 + Level 0.4 Transmutations
 + Level 0.4 Fire Magic
 + Level 0.4 Ice Magic
 + Level 0.4 Air Magic
 + Level 0.4 Earth Magic
 + Level 0.4 Poison Magic
 + Level 0.7 Invocations
 + Level 6.5 Evocations


You had 2 spell levels left.
You didn't know any spells.
Your spell library contained the following spells:

 Spells                   Type           Power      Damage    Failure   Level
 Blink                    Tloc           2%         N/A       52%         2
 Lesser Beckoning         Tloc           1%         N/A       75%         3
 Manifold Assault         Tloc           1%         N/A       100%        5

Inventory:

Hand Weapons
 a - a +0 club {mace}
 j - a +0 mace (weapon) {mace}
   (You found it on level 1 of the Dungeon)
Missiles
 n - 6 stones {throwing}
Armour
 b - a +0 leather armour (worn)
 g - a +0 robe
   (You found it on level 1 of the Dungeon)
 m - an orb of energy
   (You found it on level 1 of the Dungeon)
Wands
 c - a wand of flame (9) (quivered)
 d - a wand of charming (15)
 e - a wand of iceblast (9)
Scrolls
 f - a scroll of teleportation {unknown}
 k - a scroll of fear {unknown}
 l - a scroll of identify {unknown}
Potions
 h - a potion of heal wounds {unknown}
 i - a potion of attraction {unknown}

Dungeon Overview and Level Annotations

Branches:
Dungeon (1/15) Zot: 4724

Altars:

)..........................>÷....
.....(.........................#
#####.#######........##.#.####÷##
............†........##.#.# #..#
..###########.#.......†.#.# #..#
..............#......####.# #...
.##############b#########'####.#.
.'..........).........#.....##g..
.#############..@K....#.....##...
.# #........#.....##... .#
#........#.....##.#. ##
#........#..÷.)'.)#.
#........#.....####.
#........#.....# ##
.........#.....# #
....#######.....# # ∆ ###..#####
#


You could see a bat and a kobold.


Message History

You barely miss the kobold. Your bite misses the kobold.
The bat completely misses you. The kobold hits you but does no damage.
The kobold barely misses you.
You miss the kobold. You bite the kobold, but do no damage. The bat hits you.
The kobold hits you with a +0 whip. 😮 HP[-4]
You take 4 damage, and now have 16/23 hp.
You barely miss the kobold. Your bite misses the kobold. The bat hits you.
The kobold barely misses you. The kobold hits you with a +0 whip.
The bat closely misses you. 😮 HP[-4]
You take 4 damage, and now have 12/23 hp.
You closely miss the bat. You bite the bat.
The bat hits you but does no damage. The kobold barely misses you.
The bat misses you. The kobold misses you.
The bat hits you but does no damage. 😮 HP[+1]
The bat barely misses you. The bat closely misses you.
The kobold attacks as you move away! The kobold hits you with a +0 whip.
* * * LOW HITPOINT WARNING * * *
The bat hits you but does no damage. The bat barely misses you. 😨 HP[-2]
You take 2 damage, and now have 11/23 hp.
The bat misses you. The bat barely misses you.
The kobold hits you with a +0 whip.
* * * LOW HITPOINT WARNING * * *
😨 HP[-3]
You take 3 damage, and now have 8/23 hp.
You barely miss the kobold. The bat barely misses you. The kobold misses you.
You hit the kobold but do no damage. The bat barely misses you.
The kobold hits you but does no damage. The bat hits you but does no damage.
The kobold hits you with a +0 whip.
* * * LOW HITPOINT WARNING * * *
😱 HP[-4]
You take 4 damage, and now have 4/23 hp.
You hit the kobold but do no damage. The bat hits you.
* * * LOW HITPOINT WARNING * * *
The kobold barely misses you. 😱 HP[-1]
You take 1 damage, and now have 3/23 hp.
You hit the kobold.
You kill the kobold!
The bat hits you but does no damage. x2
Aiming: Throw Flame
Press: ? - help, Q - select action, (/) - cycle Shift-Dir - straight line The puff of flame hits the bat.
You kill the bat!
You start resting. 😎 HP[+20]
Your hp is fully restored (23).
You see here a +0 whip {mace}.
You see here an orb of energy.
m - an orb of energy
n - 6 stones {throwing} You now have 70 gold pieces (gained 6).
There is a stone staircase leading down here.
You now have 79 gold pieces (gained 9).
You open the door.
There is an open door here.
You see here a +0 falchion {long}.
A kobold comes into view. It is wielding a +0 short sword.
The kobold shouts!
A bat comes into view.
The bat moves out of view.
The kobold hits you with a +0 short sword. 😕 HP[-2]
You take 2 damage, and now have 21/23 hp.
You hit the kobold. You bite the kobold.
The kobold hits you with a +0 short sword. 😮 HP[-5]
You take 5 damage, and now have 16/23 hp.
MASSIVE DAMAGE!! (PAUSE)
You barely miss the kobold. Your bite misses the kobold.
The kobold hits you with a +0 short sword. 😮 HP[-1]
You take 1 damage, and now have 15/23 hp.
You barely miss the kobold. The bat closely misses you.
The kobold hits you but does no damage.
The kobold hits you with a +0 short sword. 😮 HP[-3]
You take 3 damage, and now have 12/23 hp.
You barely miss the kobold. The bat barely misses you.
The kobold closely misses you.
You barely miss the kobold. You bite the kobold. The bat barely misses you.
The kobold hits you with a +0 short sword.
* * * LOW HITPOINT WARNING * * *
The kobold hits you with a +0 short sword.
* * * LOW HITPOINT WARNING * * *
The bat misses you. 😱 HP[-7]
You take 7 damage, and now have 5/23 hp.
MASSIVE DAMAGE!! (PAUSE)
Aiming: Throw Flame
Press: ? - help, Q - select action, (/) - cycle Shift-Dir - straight line, f - kobold
Aim: a kobold, wielding a +0 short sword (heavily wounded, 67% to hit)
The puff of flame misses the kobold.
The bat barely misses you.
The kobold hits you with a +0 short sword.
You die...

Action                   || total
-------------------------++-------
Melee: Club              ||    16
       Mace              ||    38
       Bite              ||     9
Evoke: Wand              ||     6
 Stab: Sleeping          ||     1
Armor: Leather armour    ||    27
Dodge: Dodged            ||    70

Levels and vault maps discovered:
D:1:      dpeg_arrival_ternary, layout_basic

Notes
Turn   | Place    | Note
-------+----------+-------------------------------------------
     0 | D:1      | mcwallace the Gnoll Artificer began the quest for the Orb.
     0 | D:1      | Reached XP level 1. HP: 17/17 MP: 1/1
     0 | D:1      | magus.rc [v1.9.6]
   189 | D:1      | You pick up a book of Spatial Translocations and begin
                  | reading...
   189 | D:1      | You add the spells Blink, Lesser Beckoning and Manifold
                  | Assault to your library.
   195 | D:1      | HP: 4/17 [goblin/+0 club (4)]
   496 | D:1      | Reached XP level 2. HP: 20/23 MP: 2/2
   592 | D:1      | HP: 5/23 [jackal (2)]
   917 | D:1      | HP: 4/23 [kobold/+0 whip (4)]
  1255 | D:1      | HP: 5/23 [kobold/+0 short sword (4)]
  1256 | D:1      | Slain by a kobold

Vanquished Creatures
  An endoplasm (D:1)
  3 goblins (D:1)
  A hobgoblin (D:1)
  4 jackals (D:1)
  A kobold (D:1)
  4 ball pythons (D:1)
  A bat (D:1)
  4 frilled lizards (D:1)
19 creatures vanquished.

Table legend:
 A = Non-vault XP
 B = Vault XP
 C = Vault XP percentage of total XP
 D = Non-vault monster count
 E = Vault monster count
 F = Vault count percentage of total count
                 A         B        C        D         E       F
            +---------+---------+-------+---------+---------+-------
      Total |      31 |       0 |   0.0 |      19 |       0 |   0.0
            +---------+---------+-------+---------+---------+-------
        D:1 |      31 |       0 |   0.0 |      19 |       0 |   0.0
            +---------+---------+-------+---------+---------+-------

Illustrated notes

Table legend:
 A = Kills in this place as a percentage of kills in entire the game.
 B = Kills by you in this place as a percentage of kills by you in the entire game.
 C = Kills by friends in this place as a percentage of kills by friends in the entire game.
 D = Other kills in this place as a percentage of other kills in the entire game.
 E = Experience gained in this place as a percentage of experience gained in the entire game.
 F = Experience gained in this place divided by the number of levels of this place that you have seen.
                   A       B       C       D       E      F
               +-------+-------+-------+-------+-------+----------------------
         Total | 100.0 | 100.0 |   N/A |   N/A | 100.0 |  31.0
       Dungeon | 100.0 | 100.0 |   N/A |   N/A | 100.0 |  31.0
               +-------+-------+-------+-------+-------+----------------------

Table legend: (Time is in decaauts)
 A = Elapsed time spent in this place.
 B = Non-inter-level travel time spent in this place.
 C = Inter-level travel time spent in this place.
 D = Time resting spent in this place.
 E = Time spent auto-exploring this place.
 F = Levels seen in this place.
 G = Mean time per level.
                   A        B        C        D        E       F      G
               +--------+--------+--------+--------+--------+-----+--------+
         Total |   1275 |   1275 |      0 |    913 |    186 |   1 | 1275.0 |
       Dungeon |   1275 |   1275 |      0 |    913 |    186 |   1 | 1275.0 |
               +--------+--------+--------+--------+--------+-----+--------+

Top non-repeatable levels by time:
     D:1: 1275 daAuts
